 Dungeon Crawl Stone Soup version 0.25.1-2-g60ff931df9 (webtiles) character file.

Game seed: 3338054448212599877

128 Allula97 the Sneak (level 4, -2/24 HPs)
             Began as a Vampire Enchanter on Nov 18, 2020.
             Slain by an orc
             ... wielding a +0 short sword
              (4 damage)
             ... on level 4 of the Dungeon.
             The game lasted 00:15:08 (3301 turns).

Allula97 the Sneak (Vampire Enchanter)              Turns: 3301, Time: 00:15:08

Health: -2/24      AC:  3    Str:  7    XL:     4   Next: 87%
Magic:  0/7        EV: 13    Int: 17    God:
Gold:   218        SH:  0    Dex: 15    Spells: 1/7 levels left

rFire    x . .     SeeInvis +   a - +1 dagger
rCold    + + +     Gourm    .   (no shield)
rNeg     + + +     Faith    .   b - +0 robe
rPois    ∞         Spirit   .   s - +0 helmet
rElec    .         Reflect  .   (no cloak)
rCorr    .         Harm     .   (no gloves)
MR       .....                  (no boots)
Stlth    +++++.....             (no amulet)
HPRegen  0.00/turn              u - ring of ice
MPRegen  0.10/turn              (no ring)

@: very slightly contaminated, bloodless
A: no food, fangs 3, see invisible, unbreathing
a: Bat Form, Revivify


You were on level 4 of the Dungeon.
You were bloodless.

You visited 1 branch of the dungeon, and saw 5 of its levels.

You collected 218 gold pieces.

Inventory:

Hand Weapons
 a - a +1 dagger (weapon)
 j - a +0 great sword
 r - a cursed -3 hunting sling
Armour
 b - a +0 robe (worn)
 s - a +0 helmet (worn)
Jewellery
 u - a ring of ice (left hand)
Scrolls
 d - a scroll of fear {unknown}
 f - a scroll of magic mapping {unknown}
 g - 6 scrolls of identify {unknown}
 i - a scroll of immolation {unknown}
 m - a scroll of teleportation {unknown}
 o - a scroll of remove curse {unknown}
 q - a scroll of amnesia {unknown}
 t - a scroll of noise {unknown}
Potions
 c - 2 potions of magic {unknown}
 e - a potion of mutation {unknown}
 h - a potion of flight {unknown}
 k - a potion of stabbing {unknown}
 l - 2 potions of curing {unknown}
 n - a potion of might {unknown}
 p - 2 potions of heal wounds {unknown}


   Skills:
 * Level 0.9 Fighting
 * Level 1.6 Short Blades
 * Level 0.9 Armour
 * Level 2.8 Dodging
 * Level 6.0 Stealth
 * Level 2.3 Spellcasting
 * Level 5.2 Hexes
 + Level 0.8 Ice Magic


You had one spell level left.
You knew the following spells:

 Your Spells              Type           Power        Failure   Level  Hunger
a - Corona                Hex            ###....      2%          1    N/A
b - Ensorcelled Hibernat  Hex/Ice        ###...       9%          2    N/A
c - Tukima's Dance        Hex            ###.....     7%          3    N/A

Your spell library contained the following spells:

 Spells                   Type           Power        Failure   Level  Hunger
 Confusing Touch          Hex            ###.....     7%          3    N/A
 Dazzling Flash           Conj/Hex       ##....       19%         3    N/A

Dungeon Overview and Level Annotations

Branches:
Dungeon (5/15)
 Temple: D:4-7

Altars:
Vehumet
Xom


Innate Abilities, Weirdness & Mutations

You do not eat.
You do not regenerate when monsters are visible.
You are frail without blood (-20% HP).
You can heal yourself when you bite living creatures.
You are immune to poison.
You have razor-sharp teeth.
You have supernaturally acute eyesight. (SInv)
You can survive without breathing.


Message History

Press: ? - help, v - describe, . - travel The floor.
The orc hits you but does no damage.
There is a stone staircase leading down here.
Casting: Ensorcelled Hibernation (safe; 9% risk of failure)
Confirm with . or Enter, or press ? or * to list all spells.
Aiming: Ensorcelled Hibernation (safe; 9% risk of failure)
Press: ? - help, Shift-Dir - straight line, f/p - orc
Aim: an orc, wielding a +0 short sword (moderately wounded, chance to defeat MR: 66%)
You feel a surge of power!
The orc struggles to resist.
The orc closely misses you.
Casting: Ensorcelled Hibernation (safe; 9% risk of failure)
Confirm with . or Enter, or press ? or * to list all spells.
Aiming: Ensorcelled Hibernation (safe; 9% risk of failure)
Press: ? - help, Shift-Dir - straight line, f/p - orc
Aim: an orc, wielding a +0 short sword (lightly wounded, chance to defeat MR: 66%)
You feel a surge of power!
You miscast Ensorcelled Hibernation.
You are very lightly contaminated with residual magic.
Nothing appears to happen.
The orc hits you with a +0 short sword.
You die...

#.# #.# .. ..# #.# #.. ###.#
... ..... ..#.# #.#
.....###.#.# #.# .......#.#.#
##.########## .....#.#.#.#
####o#.#..%.....
#........#.###..@###..####..#
#.....#..[#>...##.#.###
#...##.#######.## #
##.###.######...######
#.####)###.##.....<.......
...........##.###...######
.......###.# ##..... ...#####
#.# #####.# .o #.# ..


You could see an orc.

Vanquished Creatures
  Natasha (D:5)
  2 adders
  2 oozes
  A leopard gecko (D:1)
  7 orcs
  10 bats
  2 giant cockroaches
  4 goblins
  10 hobgoblins
  4 jackals (D:1)
  A quokka (D:3)
  7 frilled lizards
  6 kobolds
  11 rats
68 creatures vanquished.

Vanquished Creatures (others)
  A bat (D:3)
1 creature vanquished.

Grand Total: 69 creatures vanquished

Notes
Turn   | Place    | Note
-------+----------+-------------------------------------------
     0 | D:1      | Allula97 the Vampire Enchanter began the quest for the Orb.
     0 | D:1      | Reached XP level 1. HP: 13/13 MP: 3/3
   119 | D:1      | Reached XP level 2. HP: 12/15 MP: 3/5
   123 | D:1      | Learned a level 2 spell: Ensorcelled Hibernation
   885 | D:1      | Reached XP level 3. HP: 17/19 MP: 6/6
   954 | D:1      | Reached skill level 5 in Stealth
  1482 | D:2      | Found a shimmering altar of Xom.
  1727 | D:2      | Reached skill level 5 in Hexes
  2233 | D:3      | Learned a level 3 spell: Tukima's Dance
  2367 | D:3      | Reached XP level 4. HP: 24/24 MP: 4/7
  2560 | D:3      | Found a radiant altar of Vehumet.
  3215 | D:4      | Noticed Natasha
  3244 | D:5      | Entered Level 5 of the Dungeon
  3252 | D:5      | Killed Natasha
  3252 | D:5      | Reached skill level 6 in Stealth
  3301 | D:4      | Slain by an orc

Illustrated notes

Levels and vault maps discovered:
D:1:      dpeg_arrival_round_c, layout_basic, serial_forest,
          infiniplex_forest_split, infiniplex_forest_clump_curved,
          infiniplex_forest_straight_5, infiniplex_forest_straight_3,
          infiniplex_forest_corner_1
D:2:      layout_basic, xom_teletrap_fun
D:3:      layout_basic, fiery_altar_vehumet, serial_rivers,
          chequers_serial_rivers_room_b, chequers_serial_rivers_small_b,
          chequers_serial_rivers_micro_d, chequers_serial_rivers_micro_e,
          chequers_serial_rivers_large_a
D:4:      layout_loops_ring, uniq_natasha
D:5:      layout_cave_pools, lemuel_round_altar, first_ration

Skill      XL: |  1  2  3  4 |
---------------+-------------+-----
Stealth        | 5 6 |  6.0
Hexes          | 5 |  5.2
Fighting       | |  0.9
Short Blades   | |  1.6
Armour         | |  0.9
Dodging        | |  2.8
Spellcasting   | |  2.3
Ice Magic      | |  0.8

Action                   |  1- 3 |  4- 6 || total
-------------------------+-------+-------++-------
Melee: Dagger            |   120 |    51 ||   171
       Bite              |     8 |     1 ||     9
 Cast: Corona            |     2 |       ||     2
       Ensorcelled Hiber |    22 |    17 ||    39
 Abil: Exsanguinate      |     1 |       ||     1
 Stab: Sleeping          |    32 |    16 ||    48
       Distracted        |       |     1 ||     1
Armor: Robe              |    13 |     8 ||    21
Dodge: Dodged            |    61 |    28 ||    89
